 Dungeon Crawl Stone Soup version 0.24-a0-235-g3f03afc (webtiles) character file.

Game seed: 12795652393819147400

20486 EazyBreezy the Frost Mage (level 12, 91/100 HPs)
             Began as a White Draconian Ice Elementalist on Apr 7, 2019.
             Was a High Priest of Sif Muna.
             Starved to death
             ... while paralysed
             ... on level 14 of the Dungeon.
             The game lasted 01:34:10 (20742 turns).

EazyBreezy the Frost Mage (DrIE)                   Turns: 20742, Time: 01:34:10

Health: 91/100     AC: 14    Str: 14    XL:     12   Next: 45%
Magic:  26/26      EV:  2    Int: 20    God:    Sif Muna [*****.]
Gold:   856        SH:  0    Dex: 16    Spells: 11/31 levels left

rFire    + . .     SeeInvis .   p - +10 whip "Ralamuung" {pain, rF+ Str+3 Dex+4}
rCold    + . .     Gourm    .   (no shield)
rNeg     . . .     Faith    .   (armour unavailable)
rPois    +         Spirit   .   w - +2 hat
rElec    .         Reflect  .   v - +2 cloak {rPois}
rCorr    .         Harm     .   (no gloves)
MR       .....                  (no boots)
Stlth    ++........             j - amulet of the acrobat
HPRegen  0.00/turn              (no ring)
MPRegen  0.20/turn              H - ring of wizardry

@: paralysed, about to teleport, very slightly contaminated, fainting
A: breathe frost, unfitting armour, antennae 1, cold resistance 1, shaggy fur 1,
inhibited regeneration, evolution 1, cold-blooded, AC +8
a: Breathe Frost, Divine Energy, Channel Magic, Forget Spell, Renounce Religion


You were on level 14 of the Dungeon.
You worshipped Sif Muna.
Sif Muna was extremely pleased with you.
You were fainting.

You visited 1 branch of the dungeon, and saw 14 of its levels.
You also visited: Sewer.

You collected 856 gold pieces.

Inventory:

Hand Weapons
 g - the +8 mace of the Mosquito {drain, rF+ Str+3}
   (You found it on level 7 of the Dungeon)

   A truly terrible weapon, it drains the life of those it strikes.
   It affects your strength (+3).
   It protects you from fire.
 h - a +1 flail of protection
 p - the +10 whip "Ralamuung" (weapon) {pain, rF+ Str+3 Dex+4}
   (You took it off a kobold on level 4 of the Dungeon)

   In the hands of one skilled in necromantic magic, it inflicts extra damage on
   living creatures.
   It affects your strength (+3).
   It affects your dexterity (+4).
   It protects you from fire.
 q - a +0 whip of distortion
 u - a +4 quarterstaff of electrocution
 C - the +6 shortbow "Goblinslayer" {flame, rElec Str+2, unknown}
   (You found it on level 9 of the Dungeon)

   It causes projectiles fired from it to burn those they strike, causing extra
   injury to most foes and up to half again as much damage against particularly
   susceptible opponents.
   It affects your strength (+2).
   It insulates you from electricity.
Armour
 v - a +2 cloak of poison resistance (worn)
 w - a +2 hat (worn)
Jewellery
 j - an amulet of the acrobat (around neck)
 A - an uncursed amulet of rage
 H - a ring of wizardry (right hand)
Wands
 k - a wand of digging (17)
 n - a wand of flame (8)
 s - a wand of acid (22)
 t - a wand of disintegration (12)
 x - a wand of iceblast (15)
 D - a wand of clouds (4)
Scrolls
 b - 2 scrolls of teleportation
 e - a scroll of fear
 l - 8 scrolls of remove curse
 m - 2 scrolls of magic mapping
 y - 2 scrolls of random uselessness
 z - a scroll of silence
 E - a scroll of summoning {unknown}
Potions
 a - 2 potions of resistance
 c - a potion of might
 d - 2 potions of brilliance
 f - 3 potions of haste
 i - 2 potions of flight
 r - 2 potions of agility
 B - a potion of berserk rage
 I - a potion of curing


   Skills:
 * Level 7.6 Fighting
 + Level 5.1 Maces & Flails
 + Level 4.0 Dodging
 + Level 3.3 Stealth
 * Level 10.3 Spellcasting
 - Level 3.8 Conjurations
 * Level 5.3 Summonings
 * Level 4.0 Necromancy
 * Level 12.8 Ice Magic
 + Level 6.9 Invocations


You had 11 spell levels left.
You knew the following spells:

 Your Spells              Type           Power        Failure   Level  Hunger
a - Freeze                Ice            ####         1%          1    None
b - Throw Frost           Conj/Ice       #####.       1%          2    None
c - Ozocubu's Armour      Chrm/Ice       #####...     1%          3    None
d - Summon Ice Beast      Ice/Summ       #####...     1%          4    ##.....
e - Throw Icicle          Conj/Ice       #####...     1%          4    ##.....
f - Simulacrum            Ice/Necr       #####.....   13%         6    ######.

Your spell library contained the following spells:

 Spells                   Type           Power        Failure   Level  Hunger
 Summon Butterflies       Summ           ####....     1%          1    None
 Summon Small Mammal      Summ           ####         1%          1    None
 Call Imp                 Summ           ####....     1%          2    None
 Call Canine Familiar     Summ           ####....     1%          3    None
 Confusing Touch          Hex            ##....       2%          1    None
 Recall                   Summ/Tloc      N/A          2%          3    None
 Summon Guardian Golem    Hex/Summ       ###.....     2%          3    None
 Poisonous Vapours        Pois/Air       ##....       4%          2    None
 Conjure Flame            Conj/Fire      ###.....     4%          3    None
 Mephitic Cloud           Conj/Pois/Air  ###.....     4%          3    None
 Static Discharge         Conj/Air       ###.....     4%          3    None
 Animate Dead             Necr           N/A          4%          4    ##.....
 Metabolic Englaciation   Hex/Ice        #####.....   5%          5    ####...
 Confuse                  Hex            ##......     9%          3    None
 Gell's Gravitas          Tloc           ##........   9%          3    None
 Summon Lightning Spire   Summ/Air       ###.....     9%          4    ##.....
 Sticky Flame             Conj/Fire      ###.....     12%         4    ##.....
 Petrify                  Tmut/Erth      ##......     26%         4    ##.....
 Borgnjor's Vile Clutch   Necr/Erth      ###.......   32%         5    ####...
 Freezing Cloud           Conj/Ice/Air   ####......   38%         6    ######.
 Yara's Violent Unravell  Hex/Tmut       ##........   56%         5    ####...
 Death Channel            Necr           ####......   56%         6    ######.
 Summon Greater Demon     Summ           ####......   91%         7    #######
 Ring of Flames           Chrm/Fire      ##........   100%        7    #######


Dungeon Overview and Level Annotations

Branches:
Dungeon (14/15)            Temple (0/1) D:5            Lair (0/6) D:9
    Orc (0/2) D:10         Vaults (0/5) D:13

Altars:
Ashenzari
Dithmenos
Elyvilon
Gozag
Hepliaklqana
Okawaru
Sif Muna
Uskayaw
Wu Jian
Xom
The Shining One

Shops:
D:10 [   D:12 [   D:13 !

Annotations:
D:10 1 exclusion
D:13 2 transporters, exclusion: 2 statues, Yelwes's ghost, journeyman FoFi


Innate Abilities, Weirdness & Mutations

You can breathe waves of freezing cold.
You can buffet flying creatures when you breathe cold.
Your icy white scales are hard. (AC +8)
You cannot fit into any form of body armour.
Your flesh is cold resistant. (rC+)
You are cold-blooded and may be slowed by cold attacks.
You have a pair of small antennae on your head.
You are covered in fur. (AC +1)
You do not regenerate when monsters are visible.
You evolve.


Message History

The hungry ghost hits you.
You feel slightly more hungry. The hungry ghost hits you.
You feel slightly more hungry. The hungry ghost hits you.
You feel slightly more hungry. The hungry ghost hits you.
You feel slightly more hungry. The hungry ghost hits you.
You feel slightly more hungry. The hungry ghost hits you.
You feel slightly more hungry. The hungry ghost hits you.
You feel slightly more hungry. The hungry ghost hits you.
You feel slightly more hungry. The hungry ghost hits you.
You feel slightly more hungry.
You can move again.
Blink to where?
Press: ? - help, Dir - move target cursor You are very lightly contaminated with residual magic.
As you read the scroll of blinking, it crumbles to dust.
A skeletal warrior comes into view. It is wielding a +0 glaive.
As you read the scroll of teleportation, it crumbles to dust.
You feel strangely unstable.
You lose consciousness!
You have starved to death.
You die...

..####.....#
...........#
.........W.#
#.........+
+.........#
.........#
####.....# #
#..'.....#
#..##..#...@.#
#......#.....#
#..###'#.....#
#. #..#.....#
#..##..#.z...+
#......#.....#
+......'.....#
#####..#.....#
##+#.....#


You could see a skeletal warrior and a hungry ghost.

Vanquished Creatures
  Snorg (D:13)
  Josephine (D:10)
  A two-headed ogre (D:12)
  3 death yaks
  An unseen horror (D:10)
  An ugly thing (D:13)
  2 cyclopes
  A gargoyle (D:13)
  2 hippogriffs
  A shadow (D:12)
  10 yaks
  A wyvern (D:10)
  4 wraiths
  2 vampire mosquitoes (D:13)
  A soldier ant (D:13)
  A sky beast (D:12)
  2 orc warriors
  3 phantoms
  7 ogres
  10 centaurs
  Blork the orc (D:5)
  16 bullfrogs
  A jelly (D:5)
  A wyvern zombie (D:6)
  A water moccasin zombie (D:12)
  A wyvern skeleton (D:9)
  3 scorpions
  7 killer bees
  A wight (D:11)
  4 howler monkeys
  5 crimson imps
  A centaur zombie (D:11)
  Crazy Yiuf (D:7)
  7 orc priests
  4 hounds
  3 iguanas
  8 orc wizards
  3 bullfrog skeletons
  4 centaur skeletons
  10 worker ants
  A killer bee zombie (D:8)
  A hound skeleton (D:4)
  A worker ant zombie (D:10)
  8 gnolls
  10 adders
  6 river rats (D:5)
  2 shadow imps
  3 white imps (D:12)
  12 oozes
  3 worms
  4 dart slugs
  12 leopard geckos
  40 orcs
  16 giant cockroaches
  4 goblins
  6 hobgoblins
  9 jackals
  11 kobolds
  10 quokkas
  12 ball pythons
  5 bats
  14 frilled lizards
  A jackal skeleton (D:4)
  A leopard gecko skeleton (D:8)
  A quokka skeleton (D:6)
  29 rats
359 creatures vanquished.

Vanquished Creatures (collateral kills)
  Gastronok (D:11)
  An ironheart preserver (D:13)
  Erolcha (D:9)
  Harold (D:7)
  2 two-headed ogres
  An ugly thing (D:12)
  A deep elf mage (D:12)
  3 cyclopes
  A manticore (D:12)
  The ghost of Potronius the Slasher, a novice DsGl (D:4)
  2 trolls
  6 yaks
  A basilisk (shapeshifter) (D:13)
  A human (D:8)
  A soldier ant (D:13)
  4 orc warriors
  A sky beast (D:10)
  A hornet zombie (D:12)
  2 ice beasts
  An ogre (D:6)
  3 centaurs
  A crocodile (D:8)
  A big kobold (D:4)
  A bullfrog (D:9)
  A wyvern skeleton (D:13)
  8 killer bees
  3 wights (D:11)
  A quasit (D:11)
  3 orc wizards
  A worker ant (D:6)
  A hound zombie (D:11)
  3 adders
  A shadow imp (D:6)
  9 white imps (D:12)
  4 oozes (Sewer)
  A leopard gecko (Sewer)
  7 orcs
  5 giant cockroaches
  3 kobolds (D:4)
  A ball python (Sewer)
  A frilled lizard (Sewer)
92 creatures vanquished.

Vanquished Creatures (others)
  A kobold (D:4)
  A rat (D:2)
2 creatures vanquished.

Grand Total: 453 creatures vanquished

Notes
Turn   | Place    | Note
-------+----------+-------------------------------------------
     0 | D:1      | EazyBreezy the Draconian Ice Elementalist began the quest
                  | for the Orb.
     0 | D:1      | Reached XP level 1. HP: 14/14 MP: 3/3
   120 | D:1      | Reached XP level 2. HP: 20/20 MP: 1/5
   170 | D:1      | Learned a level 2 spell: Throw Frost
   708 | D:1      | Reached XP level 3. HP: 27/27 MP: 0/6
   989 | D:1      | Learned a level 3 spell: Ozocubu's Armour
  1119 | D:2      | Gained mutation: You have a pair of small antennae on your
                  | head. [potion of mutation]
  1119 | D:2      | Gained mutation: Your flesh is heat resistant. (rF+)
                  | [potion of mutation]
  1120 | D:2      | Lost mutation: Your flesh is heat resistant. (rF+) [potion
                  | of mutation]
  1120 | D:2      | Lost mutation: You have a pair of small antennae on your
                  | head. [potion of mutation]
  1120 | D:2      | Gained mutation: Your flesh is heat resistant. (rF+)
                  | [potion of mutation]
  1120 | D:2      | Gained mutation: You have a pair of small horns on your
                  | head. [potion of mutation]
  1203 | D:2      | Found a white marble altar of Elyvilon.
  1310 | D:2      | Reached skill level 1 in Fighting
  1310 | D:2      | Reached skill level 1 in Maces & Flails
  1326 | D:2      | Reached XP level 4. HP: 5/35 MP: 1/8
  1344 | D:2      | HP: 1/35 [gnoll/+0 club (8)]
  2489 | D:3      | Reached skill level 4 in Ice Magic
  2791 | D:3      | Found a deep blue altar of Sif Muna.
  2830 | D:3      | Became a worshipper of Sif Muna the Loreminder
  2938 | D:3      | Reached XP level 5. HP: 40/40 MP: 0/9
  3011 | D:3      | Found a hazy altar of Hepliaklqana.
  3124 | D:3      | Learned a level 4 spell: Summon Ice Beast
  3229 | D:4      | Noticed a phantom
  3456 | D:4      | Reached XP level 6. HP: 31/47 MP: 0/11
  3781 | D:4      | Reached skill level 1 in Summonings
  3781 | D:4      | Reached skill level 5 in Ice Magic
  3911 | D:4      | Found a runed translucent gate.
  3911 | D:4      | Found a runed translucent gate.
  3911 | D:4      | Found a runed translucent gate.
  3914 | D:4      | Noticed Potronius's ghost (novice DsGl)
  3915 | D:4      | Identified the +10 whip "Ralamuung" {pain, rF+ Str+3 Dex+4}
  4137 | D:4      | Your scales start taking on an icy white colour.
  4137 | D:4      | Reached skill level 6 in Ice Magic
  4137 | D:4      | Reached XP level 7. HP: 33/53 MP: 2/13
  4137 | D:4      | Gained mutation: Your flesh is cold resistant. (rC+) [White
                  | Draconian growth]
  4358 | D:5      | Entered Level 5 of the Dungeon
  4782 | D:5      | Learned a level 4 spell: Throw Icicle
  5023 | D:5      | Found a glowing golden altar of the Shining One.
  5032 | D:5      | Noticed Blork the orc
  5046 | D:5      | Killed Blork the orc
  5299 | D:5      | Found a staircase to the Ecumenical Temple.
  5339 | D:5      | Reached * piety under Sif Muna
  5501 | D:5      | Found a shadowy altar of Dithmenos.
  5580 | D:5      | Found a shattered altar of Ashenzari.
  5895 | D:6      | Reached skill level 7 in Ice Magic
  5960 | D:6      | Found a glowing drain.
  5969 | Sewer    | Entered a sewer
  6194 | Sewer    | Reached skill level 5 in Spellcasting
  6252 | Sewer    | Reached XP level 8. HP: 59/61 MP: 9/15
  6465 | Sewer    | Reached ** piety under Sif Muna
  6500 | Sewer    | Reached skill level 1 in Invocations
  8327 | D:4      | Killed Potronius's ghost
  8751 | D:7      | Reached XP level 9. HP: 70/70 MP: 2/18
  8875 | D:7      | Found an ornate altar of the Wu Jian Council.
  9002 | D:7      | Reached skill level 8 in Ice Magic
  9176 | D:7      | Noticed Harold
  9198 | D:7      | Killed Harold
  9198 | D:7      | Reached *** piety under Sif Muna
  9671 | D:6      | Reached skill level 9 in Ice Magic
 10280 | D:7      | Found an iron altar of Okawaru.
 10455 | D:7      | Found an opulent altar of Gozag.
 10455 | D:7      | Found a hide-covered altar of Uskayaw.
 10627 | D:7      | Found a runed translucent door.
 10628 | D:7      | Noticed Crazy Yiuf
 10813 | D:7      | Killed Crazy Yiuf
 10868 | D:7      | Got a faintly glowing mace
 10869 | D:7      | Identified the +8 mace of the Mosquito {drain, rF+ Str+3}
                  | (You found it on level 7 of the Dungeon)
 10904 | D:8      | Noticed a two-headed ogre
 10915 | D:8      | Killed a two-headed ogre
 10915 | D:8      | Reached **** piety under Sif Muna
 10915 | D:8      | Reached XP level 10. HP: 80/80 MP: 4/21
 11109 | D:8      | Reached skill level 5 in Invocations
 11337 | D:8      | Reached skill level 5 in Fighting
 11499 | D:8      | Reached skill level 10 in Ice Magic
 11659 | D:9      | Noticed a cyclops
 11675 | D:9      | Killed a cyclops
 11810 | D:9      | Noticed a death yak
 11811 | D:9      | Noticed a death yak
 11819 | D:9      | Noticed a death yak
 11845 | D:8      | Killed a death yak
 12364 | D:9      | Killed a death yak
 12374 | D:9      | Killed a death yak
 12738 | D:9      | Found a staircase to the Lair.
 12872 | D:9      | Found a shimmering altar of Xom.
 13072 | D:9      | Got a scorched shortbow
 13093 | D:9      | Noticed Erolcha
 13101 | D:9      | Killed Erolcha
 13101 | D:9      | Reached skill level 11 in Ice Magic
 13101 | D:9      | Reached XP level 11. HP: 89/89 MP: 2/23
 13306 | D:10     | Entered Level 10 of the Dungeon
 13624 | D:10     | Killed an unseen horror
 13969 | D:10     | Found Felemo's Armour Emporium.
 13969 | D:10     | Found a staircase to the Orcish Mines.
 13989 | D:10     | Learned a level 6 spell: Simulacrum
 13998 | D:10     | Reached ***** piety under Sif Muna
 14389 | D:10     | Noticed Josephine
 14566 | D:9      | Learned a level 5 spell: Metabolic Englaciation
 15555 | D:11     | Noticed Gastronok
 15673 | D:11     | Killed Gastronok
 15673 | D:11     | Received a gift from Sif Muna
 15673 | D:11     | Reached skill level 1 in Necromancy
 16033 | D:11     | Lost mutation: Your flesh is heat resistant. (rF+) [potion
                  | of mutation]
 16033 | D:11     | Lost mutation: You have a pair of small horns on your head.
                  | [potion of mutation]
 16033 | D:11     | Gained mutation: You do not regenerate when monsters are
                  | visible. [potion of mutation]
 16033 | D:11     | Gained mutation: You evolve. [potion of mutation]
 16249 | D:11     | HP: 2/91 [centaur/arrow (8)]
 16903 | D:11     | Gained mutation: You are covered in fur. (AC +1)
                  | [evolution]
 17934 | D:10     | Killed Josephine
 17934 | D:10     | Reached skill level 5 in Maces & Flails
 18099 | D:12     | Noticed a green ugly thing
 18111 | D:12     | Killed a green ugly thing
 18406 | D:12     | Reached skill level 12 in Ice Magic
 18557 | D:12     | Noticed a deep elf mage
 18568 | D:12     | Killed a deep elf mage
 18568 | D:12     | Reached XP level 12. HP: 100/100 MP: 5/25
 19108 | D:12     | Found Zyiga's Armour Emporium.
 19205 | D:12     | Noticed a two-headed ogre
 19217 | D:12     | Killed a two-headed ogre
 19217 | D:12     | Reached skill level 10 in Spellcasting
 19417 | D:12     | Reached skill level 5 in Summonings
 19584 | D:13     | Found a transporter.
 19592 | D:13     | Noticed a two-headed ogre
 19593 | D:13     | Found a gate to the Vaults.
 19593 | D:13     | Noticed an ironheart preserver
 19605 | D:13     | Killed a two-headed ogre
 19610 | D:13     | Killed an ironheart preserver
 19722 | D:13     | Identified Soikok's Volume of Supportive Confrontation (Sif
                  | Muna gifted it to you on level 13 of the Dungeon)
 19722 | D:13     | Received a gift from Sif Muna
 19927 | D:13     | Noticed Yelwes's ghost (journeyman FoFi)
 19927 | D:13     | Noticed a two-headed ogre
 19928 | D:13     | Noticed a two-headed ogre
 19928 | D:13     | Noticed a two-headed ogre
 19930 | D:13     | Noticed a two-headed ogre
 19940 | D:13     | Found a transporter.
 20305 | D:13     | Noticed Snorg
 20313 | D:13     | Killed Snorg
 20350 | D:13     | Gained mutation: You have a pair of small antennae on your
                  | head. [evolution]
 20542 | D:13     | Found Ocziuc's Distillery.
 20727 | D:14     | Paralysed by fainting for 12 turns
 20740 | D:14     | Paralysed by fainting for 5 turns
 20742 | D:14     | Starved to death

Levels and vault maps discovered:
D:1:      minmay_arrival_cross, layout_basic
D:2:      layout_loops_ring, elyvilon_altar_4
D:3:      layout_basic, lemuel_coloured_pillars_altar, marbit_many_paths
D:4:      layout_cave_pools, gammafunk_ghost_nasty_kobolds
D:5:      lemuel_ratsnest, layout_loops_ring, kennysheep_little_box,
          ashenzari_altar_1, minmay_temple_entry_hall, first_ration,
          nicolae_tso_carved_into_rock, uniq_blork_the_orc
D:6:      layout_basic, cheibrodos_sewer_entry_drain
D:7:      layout_loops_ring, old_standard_altar, old_standard_altar,
          gammafunk_temple_overflow_statue, uniq_harold, uniq_crazy_yiuf_cottage
D:8:      layout_loops_ring, grunt_pizzeria
D:9:      layout_loops_cross, lemuel_doored_altar, dpeg_lair_monsters,
          minmay_hedge_maze, skrybe_limestone_x, chequers_arboretum,
          moated_statue, uniq_erolcha
D:10:     layout_roguey, orc_david_3, uniq_josephine
D:11:     layout_basic, uniq_gastronok
D:12:     layout_roguey, serial_shops, shop_fountains,
          portal_ice_cave_entry_imps
D:13:     layout_cross, skrybe_vaults_entry_preservation, serial_shops,
          nicolae_shop_behind_doors, gammafunk_ghost_smash,
          minmay_dual_archer_statues, uniq_snorg
D:14:     layout_gridville, minmay_misc_feat_plants, lightli_airlock
Sewer:    sewer_frog_island_02

Skill      XL: |  1  2  3  4  5  6  7  8  9 10 11 12 |
---------------+-------------------------------------+-----
Fighting       | 1 2 3 4 6 7 |  7.6
Maces & Flails | 1 2 3 4 5 |  5.1
Spellcasting   | 3 4 5 6 7 8 9 10 | 10.3
Ice Magic      | 4 6 7 9 11 12 | 12.8
Stealth        | 2 3 |  3.3
Dodging        | 2 3 4 |  4.0
Summonings     | 1 2 3 4 5 |  5.3
Invocations    | 3 4 5 6 |  6.9
Conjurations   | 2 3 |  3.8
Necromancy     | 2 4 |  4.0

Action                   |  1- 3 |  4- 6 |  7- 9 | 10-12 || total
-------------------------+-------+-------+-------+-------++-------
Melee: Whip              |    26 |   170 |   139 |   305 ||   640
       Unarmed           |     4 |       |       |       ||     4
       Tailslap          |     1 |    12 |    34 |    38 ||    85
       Headbutt          |     1 |    24 |    29 |    38 ||    92
       Flail             |       |       |   190 |       ||   190
 Cast: Freeze            |    25 |    29 |    89 |    86 ||   229
       Throw Frost       |    22 |    57 |    93 |    48 ||   220
       Ozocubu's Armour  |       |     4 |    17 |     8 ||    29
       Summon Ice Beast  |       |       |    33 |   110 ||   143
       Throw Icicle      |       |       |    20 |   100 ||   120
 Abil: Breathe Frost     |       |       |     2 |     2 ||     4
  Use: Scroll            |     5 |     3 |    10 |    20 ||    38
       Potion            |     2 |     4 |     4 |     5 ||    15
 Stab: Sleeping          |       |       |       |     3 ||     3
       Distracted        |       |       |       |     1 ||     1
  Eat: Ration            |     1 |     4 |     9 |    10 ||    24
       Chunk             |       |       |     2 |     8 ||    10
Armor: Skin              |    16 |    50 |   175 |   118 ||   359
Dodge: Dodged            |    36 |   141 |   363 |   253 ||   793

Table legend:
 A = Non-vault XP
 B = Vault XP
 C = Vault XP percentage of total XP
 D = Non-vault monster count
 E = Vault monster count
 F = Vault count percentage of total count
                 A         B        C        D         E       F
            +---------+---------+-------+---------+---------+-------
      Total |   18895 |   10371 |  35.4 |     304 |     147 |  32.6
            +---------+---------+-------+---------+---------+-------
        D:1 |      43 |       0 |   0.0 |      26 |       0 |   0.0
        D:2 |     129 |       0 |   0.0 |      30 |       0 |   0.0
        D:3 |      87 |       2 |   2.2 |      10 |       1 |   9.1
        D:4 |     517 |     303 |  37.0 |      20 |       7 |  25.9
        D:5 |     179 |     253 |  58.6 |       9 |      30 |  76.9
        D:6 |    1121 |       7 |   0.6 |      25 |       3 |  10.7
        D:7 |    1676 |     815 |  32.7 |      40 |       2 |   4.8
        D:8 |    1441 |    1105 |  43.4 |      18 |       3 |  14.3
        D:9 |    1354 |    2181 |  61.7 |      22 |       6 |  21.4
       D:10 |    2548 |    1230 |  32.6 |      23 |      11 |  32.4
       D:11 |    3994 |    1300 |  24.6 |      39 |       1 |   2.5
       D:12 |    4287 |      74 |   1.7 |      30 |      12 |  28.6
       D:13 |    1272 |    2822 |  68.9 |       8 |       8 |  50.0
       D:14 |     247 |       0 |   0.0 |       4 |       0 |   0.0
      Sewer |       0 |     279 | 100.0 |       0 |      63 | 100.0
            +---------+---------+-------+---------+---------+-------
